 Dungeon Crawl Stone Soup version 0.23-a0-49-gd9f7a49 (webtiles) character file.

9 Amnesiac the Digger (level 2, -1/19 HPs)
             Began as a Mummy Earth Elementalist on Aug 7, 2018.
             Slain by an orc
             ... wielding a +0 trident
              (6 damage)
             ... on level 4 of the Dungeon.
             The game lasted 00:00:48 (171 turns).

Amnesiac the Digger (Mummy Earth Elementalist)       Turns: 171, Time: 00:00:48

Health: -1/19      AC:  2    Str: 11    XL:     2   Next: 6%
Magic:  0/5        EV: 12    Int: 14    God:
Gold:   32         SH:  0    Dex: 12    Spells: 5/6 levels left

rFire    x . .     SeeInvis .   d - +0 trident
rCold    + . .     Gourm    .   (no shield)
rNeg     + + +     Faith    .   c - +0 robe
rPois    ∞         Spirit   .   (no helmet)
rElec    .         Reflect  .   (no cloak)
rCorr    .         Harm     .   (no gloves)
MR       .....                  (no boots)
Stlth    ++........             (no amulet)
HPRegen  0.06/turn              (no ring)
MPRegen  0.09/turn              (no ring)

@: no status effects
A: no food or potions, fire vulnerability, cold resistance 1, negative energy
resistance 3, torment resistance, unbreathing
a: no special abilities


You were on level 4 of the Dungeon.
You were not hungry.

You visited 1 branch of the dungeon, and saw 4 of its levels.

You collected 32 gold pieces.

Inventory:

Hand Weapons
 d - a +0 trident (weapon)
Missiles
 b - 21 stones (quivered)
Armour
 c - a +0 robe (worn)
Scrolls
 a - a scroll of immolation {!r, unknown}


   Skills:
 - Level 1.5 Dodging
 - Level 1.5 Stealth
 + Level 2.8 Spellcasting
   Level 0.7 Transmutations
 * Level 2.9 Earth Magic


You had 5 spell levels left.
You knew the following spells:

 Your Spells              Type           Power        Failure   Level  Hunger
a - Sandblast             Erth           ##....       7%          1    N/A

Your spell library contained the following spells:

 Spells                   Type           Power        Failure   Level  Hunger
 Stone Arrow              Conj/Erth      #.....       34%         3    N/A
 Passwall                 Tmut/Erth      #.......     16%         2    N/A
 Lee's Rapid Deconstruct  Erth           ##........   88%         5    N/A
 Petrify                  Tmut/Erth      #.......     71%         4    N/A

Dungeon Overview and Level Annotations

Branches:
Dungeon (4/15)
 Temple: D:4-7

Altars:


Innate Abilities, Weirdness & Mutations

You do not eat or drink.
Your flesh is vulnerable to fire.
You are immune to poison.
Your flesh is cold resistant. (rC+)
You are immune to negative energy. (rN+++)
You are immune to unholy pain and torment.
You can survive without breathing.


Message History

Confirm with . or Enter, or press ? or * to list all spells.
Aiming: Sandblast (safe; 8% risk of failure)
Press: ? - help, Shift-Dir - straight line, f/p - hobgoblin
Aim: a hobgoblin (almost dead)
The blast of sand hits the hobgoblin.
You kill the hobgoblin!
Training target 2.7 for Earth Magic reached!
You need to enable at least one skill for training.
b - 25 stones
Casting: Sandblast (safe; 8% risk of failure)
Confirm with . or Enter, or press ? or * to list all spells.
Aiming: Sandblast (safe; 8% risk of failure)
Press: ? - help, Shift-Dir - straight line, f - orc
Aim: an orc, wielding a whip The blast of sand hits the orc.
You kill the orc!
b - 24 stones
Casting: Sandblast (safe; 7% risk of failure)
Confirm with . or Enter, or press ? or * to list all spells.
Aiming: Sandblast (safe; 7% risk of failure)
Press: ? - help, Shift-Dir - straight line, f - giant cockroach
Aim: a giant cockroach (clinging)
The blast of sand hits the giant cockroach.
The giant cockroach is almost dead.
b - 23 stones You hit the giant cockroach.
You kill the giant cockroach!
The orc hits you with a dagger.
* * * LOW HITPOINT WARNING * * *
There is an open door here.
You open the door. The orc closely misses you.
There is an open door here.
An adder comes into view.
Found a ring mail.
Casting: Sandblast (safe; 7% risk of failure)
Confirm with . or Enter, or press ? or * to list all spells.
Aiming: Sandblast (safe; 7% risk of failure)
Press: ? - help, Shift-Dir - straight line, f - orc
Aim: an orc, wielding a dagger The blast of sand misses the orc.
b - 22 stones The orc hits you but does no damage.
Found a stone staircase leading down.
Found a scale mail.
You see here a ring mail.
Found a fuming cyan potion.
Casting: Sandblast (safe; 7% risk of failure)
Confirm with . or Enter, or press ? or * to list all spells.
Aiming: Sandblast (safe; 7% risk of failure)
Press: ? - help, Shift-Dir - straight line, f/p - orc
Aim: an orc, wielding a dagger The blast of sand hits the orc.
You kill the orc!
You have reached level 2!
b - 21 stones
There is a stone staircase leading down here.
You climb downwards. 2 orcs, an orc priest and an orc wizard come into view.
The orc wizard is wielding a dagger of draining.
Found 9 gold pieces and a helmet.
There is a stone staircase leading up here.
The orc shouts!
The orc wizard shouts!
The orc shouts!
The orc hits you from afar with a trident.
You die...

[# . .# .
#.#.# ..#.#
....#.# ..$..
##..# #@..#
.......ooo#
.............
........o.#..#
.#..##..#.# .#
#.. #..#.. ..
#. #...... # #
#.##..#.


You could see an orc priest (wandering), an orc wizard and 2 orcs.

Vanquished Creatures
  2 orcs (D:3)
  2 bats
  A giant cockroach (D:3)
  A hobgoblin (D:3)
  A ball python (D:3)
7 creatures vanquished.

Notes
Turn   | Place    | Note
-------+----------+-------------------------------------------
     0 | D:1      | Amnesiac the Mummy Earth Elementalist began the quest for the Orb.
     0 | D:1      | Reached XP level 1. HP: 13/13 MP: 4/4
   118 | D:2      | You fall through a shaft!
   165 | D:3      | Reached XP level 2. HP: 5/19 MP: 0/5
   171 | D:4      | Slain by an orc

Vault maps used:
D:1:      eino_arrival_water_cross, st_stairs_10, grunt_decor_fettered
D:2:      lemuel_upstairs_altar, ashenzari_altar_1, first_ration, fedhas_altar_1
D:3:      lemuel_zombie_altar_yredelemnul, uniq_jessica, uniq_natasha
D:4:      trog_wizard

Action                   || total
-------------------------++-------
Melee: Trident           ||     2
 Cast: Sandblast         ||     9
 Stab: Sleeping          ||     1
Armor: Robe              ||     3
Dodge: Dodged            ||     7

Table legend:
 A = Spawn XP
 B = Non-spawn XP
 C = Spawn XP percentage of total XP
 D = Spawn monster count
 E = Non-spawn monster count
 F = Spawn count percentage of total count
 G = Total turns spent on level
                    A         B        C        D         E        F      G
               +---------+---------+-------+---------+---------+-------+---------
         Total |       0 |      14 |   0.0 |       0 |       7 |   0.0 |   171
               +---------+---------+-------+---------+---------+-------+---------
           D:1 |       0 |       2 |   0.0 |       0 |       1 |   0.0 |    21
           D:2 |       0 |       1 |   0.0 |       0 |       1 |   0.0 |    97
           D:3 |       0 |      11 |   0.0 |       0 |       5 |   0.0 |    52
               +---------+---------+-------+---------+---------+-------+---------
